[Event "Titled Tuesday Blitz December 27 Late 2022"]
[White "Ezat, Mohamed"]
[Black "TheKnightOfBosnia"]
[WhiteFideId "10600906"]
[WhiteElo "2402"]
[BlackElo "2434"]
[Result "1-0"]
[Round "11"]
[TimeControl "180+2"]
[Date "2022.12.27"]
[WhiteClock "0:02:01"]
[BlackClock "0:00:40"]

1. d4 Nf6 2. Nc3 d5 3. Bg5 e6 4. e4 dxe4 5. Nxe4 Be7 6. Bxf6 Bxf6 7. Nf3 Nd7 8. Bd3 b6 9. Qe2 Bb7 10. O-O-O Qe7 11. Kb1 O-O 12. g4 c5 13. g5 Bxd4 14. c3 c4 15. Bc2 Bc5 16. Rxd7 Qxd7 17. Nf6+ gxf6 18. gxf6 Qd5 19. Rg1+ Kh8 20. Ng5 1-0


[Site "https://www.chess.com"]

[Event "Titled Tuesday Blitz December 27 Late 2022"]
[White "Fernandez Guillen, Ernesto J."]
[Black "Xiong, Jeffery"]
[WhiteFideId "3512428"]
[BlackFideId "2047640"]
[WhiteElo "2477"]
[BlackElo "2692"]
[Result "0-1"]
[Round "11"]
[TimeControl "180+2"]
[Date "2022.12.27"]
[WhiteClock "0:00:08"]
[BlackClock "0:00:10"]

1. e4 g6 2. d4 Nf6 3. Nc3 d5 4. e5 Ne4 5. Bd3 Nxc3 6. bxc3 c5 7. Nf3 Nc6 8. Be3 c4 9. Be2 Qa5 10. Bd2 Bg7 11. h4 f6 12. exf6 Bxf6 13. h5 Bf5 14. Nh4 Bd7 15. Bf3 g5 16. g4 gxh4 17. g5 Bg7 18. h6 Bf8 19. Bh5+ Kd8 20. Qf3 Kc7 21. Qf4+ Kb6 22. O-O Ka6 23. a4 Rg8 24. Kh1 e5 25. Qf7 Be7 26. Rfb1 Raf8 27. Qxh7 Qd8 28. Bf7 Bg4 29. Rb5 Bf3+ 30. Kh2 exd4 31. Qf5 Bxg5 32. Qxf3 Qc7+ 33. Kh1 Qxf7 34. Qxf7 Rxf7 35. Bxg5 Rxg5 36. Rg1 Rxg1+ 37. Kxg1 dxc3 38. Rxd5 Rh7 39. Rh5 Nb4 40. Rxh4 Nxc2 41. Rxc4 Rxh6 42. Kf1 Rc6 43. Rxc6+ bxc6 44. Ke2 Nd4+ 45. Kd3 c2 46. Kd2 Ka5 47. f4 Kxa4 48. f5 Kb3 49. f6 Kb2 50. Kd3 c1=Q 51. Kxd4 Qf4+ 0-1


[Site "https://www.chess.com"]

[Event "Titled Tuesday Blitz December 27 Late 2022"]
[White "Fernandez, Maria Florencia"]
[Black "Fiorito, Joaquin"]
[WhiteFideId "116459"]
[BlackFideId "180173"]
[WhiteElo "2129"]
[BlackElo "2405"]
[Result "0-1"]
[Round "11"]
[TimeControl "180+2"]
[Date "2022.12.27"]
[WhiteClock "0:00:04"]
[BlackClock "0:00:16"]

1. d4 Nf6 2. c4 e6 3. Nc3 Bb4 4. a3 Bxc3+ 5. bxc3 d6 6. f3 O-O 7. e4 e5 8. d5 Nbd7 9. Bg5 Nc5 10. Bd3 h6 11. Bh4 Bd7 12. Ne2 Ba4 13. Qb1 Rb8 14. O-O g5 15. Bf2 b6 16. Ng3 Bd7 17. Qc2 Ne8 18. Nf5 Kh7 19. g3 Ng7 20. Kh1 Qc8 21. Ne7 Qa6 22. f4 f6 23. fxe5 fxe5 24. Bxc5 bxc5 25. Nf5 Nxf5 26. exf5 Rf6 27. Qg2 Rb6 28. h4 Qa5 29. hxg5 hxg5 30. Qd2 Rh6+ 31. Kg1 Rh5 32. f6+ Kg8 33. Qe2 g4 34. f7+ Kf8 35. Qf2 Qxc3 36. Rad1 Qd4 37. Qxd4 cxd4 38. Rb1 Rh6 39. Rxb6 axb6 40. Rf2 Rh5 41. Be4 Rg5 42. Rb2 Rg7 43. Rf2 Rxf7 44. Rxf7+ Kxf7 45. Kf2 Kf6 46. Ke2 Bf5 47. Bg2 e4 48. Kd2 Ke5 49. Bh1 e3+ 50. Ke2 Be4 51. Bxe4 Kxe4 52. a4 d3+ 53. Kd1 Kd4 54. Kc1 Kxc4 55. Kb2 e2 56. a5 bxa5 57. Ka3 e1=Q 58. Kb2 Qc3+ 59. Ka2 Qc2+ 60. Ka3 Qb3# 0-1


[Site "https://www.chess.com"]

[Event "Titled Tuesday Blitz December 27 Late 2022"]
[White "Fishbein, Alexander"]
[Black "Ladan, Nicholas"]
[WhiteFideId "2000377"]
[BlackFideId "30918855"]
[WhiteElo "2366"]
[BlackElo "2228"]
[Result "1-0"]
[Round "11"]
[TimeControl "180+2"]
[Date "2022.12.27"]
[WhiteClock "0:01:35"]
[BlackClock "0:00:11"]

1. e4 e5 2. f4 d6 3. Nf3 g6 4. Bc4 Bg7 5. O-O Nh6 6. fxe5 dxe5 7. d3 O-O 8. Bg5 Qd6 9. Qd2 Ng4 10. Nc3 h6 11. Bh4 g5 12. Bg3 Qb6+ 13. Kh1 Ne3 14. Nd5 Nxc4 15. dxc4 Qd6 16. c5 Qxc5 17. Bxe5 c6 18. b4 Qc4 19. Bxg7 Kxg7 20. Nc7 Be6 21. Qd4+ Kg8 22. Qf6 Nd7 23. Qxh6 Qxe4 24. Qxg5+ Kh8 25. Qh6+ Qh7 26. Qxh7+ Kxh7 27. Nxa8 Rxa8 28. Ng5+ Kg6 29. Nxe6 fxe6 30. Rad1 Nf6 31. Rd6 Re8 32. Re1 Kf5 33. h3 Ne4 34. g4+ Kf4 35. Rd4 1-0


[Site "https://www.chess.com"]

[Event "Titled Tuesday Blitz December 27 Late 2022"]
[White "Fisher_TheGalactic"]
[Black "Denishev, Marat"]
[BlackFideId "24131563"]
[WhiteElo "2477"]
[BlackElo "2255"]
[Result "1-0"]
[Round "11"]
[TimeControl "180+2"]
[Date "2022.12.27"]
[WhiteClock "0:01:32"]
[BlackClock "0:01:23"]

1. Nf3 Nf6 2. g3 b6 3. Bg2 Bb7 4. O-O g6 5. d4 Bg7 6. c4 O-O 7. Nc3 Ne4 8. Qc2 Nxc3 9. bxc3 c5 10. d5 b5 11. Nd2 bxc4 12. Nxc4 d6 13. h4 Nd7 14. Rb1 Nb6 15. Nxb6 axb6 16. c4 Ra6 17. h5 Qd7 18. Bf3 Rfa8 19. a3 Qc7 20. Kg2 Bc8 21. Rh1 Bd7 22. hxg6 hxg6 23. Be4 Qc8 24. f3 Ba4 25. Qd2 Qe8 26. Bb2 Bxb2 27. Qxb2 f6 28. Rh6 Kg7 29. Rbh1 1-0


[Site "https://www.chess.com"]

[Event "Titled Tuesday Blitz December 27 Late 2022"]
[White "Garcia Cuenca, Victor"]
[Black "Rodriguez Fontecha, Marcos"]
[WhiteFideId "2250829"]
[BlackFideId "2256576"]
[WhiteElo "2324"]
[BlackElo "2309"]
[Result "0-1"]
[Round "11"]
[TimeControl "180+2"]
[Date "2022.12.27"]
[WhiteClock "0:00:12"]
[BlackClock "0:00:22"]

1. b3 a5 2. a4 d5 3. Bb2 Nf6 4. e3 g6 5. Nf3 Bg7 6. d3 O-O 7. Nbd2 c5 8. Be2 Nc6 9. O-O Nb4 10. Ne5 Nd7 11. Nxd7 Bxb2 12. Nxf8 Bxa1 13. Qxa1 Qxf8 14. c3 Nc6 15. d4 b6 16. Bf3 e6 17. e4 cxd4 18. exd5 exd5 19. Bxd5 Bb7 20. cxd4 Rd8 21. Bf3 Qb4 22. d5 Nd4 23. Ne4 f5 24. Ng5 Bxd5 25. Bxd5+ Rxd5 26. Re1 Rd8 27. Qc1 Nxb3 28. Qe3 Nd4 29. h4 h6 30. Nh3 Kh7 31. Nf4 Rd7 32. Qe8 Rg7 33. h5 Nf3+ 34. gxf3 Qxf4 35. Re7 Qg5+ 0-1


[Site "https://www.chess.com"]

[Event "Titled Tuesday Blitz December 27 Late 2022"]
[White "Gasanov, Eldar"]
[Black "Toniutti, Ezio"]
[WhiteFideId "14104466"]
[BlackFideId "113034"]
[WhiteElo "2481"]
[BlackElo "2224"]
[Result "0-1"]
[Round "11"]
[TimeControl "180+2"]
[Date "2022.12.27"]
[WhiteClock "0:00:02"]
[BlackClock "0:00:06"]

1. d4 d5 2. c4 c6 3. Nf3 Nf6 4. Nc3 a6 5. a4 Bf5 6. Qb3 Ra7 7. Bf4 e6 8. a5 Nbd7 9. e3 Nh5 10. Bg5 Be7 11. Bxe7 Qxe7 12. Be2 Nhf6 13. O-O h6 14. Ra4 Ne4 15. Nxe4 Bxe4 16. Rb4 Bxf3 17. Bxf3 Nf6 18. Rc1 O-O 19. Rb6 Rd8 20. Qa3 Rd7 21. h3 Qd8 22. Rc3 Qc8 23. Qb4 Rc7 24. Qd6 Ra8 25. g3 Nd7 26. Rbb3 Nf6 27. Kg2 Rd7 28. Qb4 Qd8 29. Qb6 Qe7 30. Rb4 Re8 31. Rcb3 dxc4 32. Rxc4 e5 33. Qc5 exd4 34. Qxe7 Rexe7 35. Rxd4 Rxd4 36. exd4 Rd7 37. Kf1 Kf8 38. Ke2 Ke7 39. Kd3 Kd8 40. Kc4 Kc7 41. Re3 Kd6 42. h4 Rd8 43. g4 Nd5 44. Re5 f6 45. Re1 Rb8 46. g5 fxg5 47. hxg5 Rf8 48. gxh6 gxh6 49. Bg4 Rxf2 50. b4 Rf6 51. Bc8 Kc7 52. Re8 Rf2 53. Be6 Rc2+ 54. Kb3 Rc3+ 55. Kb2 Rd3 56. Bxd5 cxd5 57. Re7+ Kc6 58. Re6+ Kc7 59. Rxh6 Rxd4 60. Kc3 Rc4+ 61. Kb3 Rg4 62. Re6 d4 63. Kc4 d3+ 64. Kxd3 Rxb4 65. Re5 Rb5 66. Rxb5 axb5 67. Kc3 Kd6 68. Kb4 Kc6 69. Kb3 Kc5 70. Ka3 b4+ 71. Ka4 b3 72. a6 b2 0-1


[Site "https://www.chess.com"]

[Event "Titled Tuesday Blitz December 27 Late 2022"]
[White "Gasparyan, David"]
[Black "Corredor Castellanos, Camilo"]
[WhiteFideId "13311980"]
[BlackFideId "4425871"]
[WhiteElo "2142"]
[BlackElo "1957"]
[Result "1-0"]
[Round "11"]
[TimeControl "180+2"]
[Date "2022.12.27"]
[WhiteClock "0:00:42"]
[BlackClock "0:00:25"]

1. a4 d5 2. Nf3 g6 3. d3 Bg7 4. Nc3 c6 5. e4 dxe4 6. Nxe4 Nf6 7. Nxf6+ Bxf6 8. c3 h5 9. Be2 Bg7 10. a5 h4 11. h3 f6 12. Ra4 g5 13. Qb3 e6 14. Nd4 Kf7 15. Bg4 Re8 16. Bh5+ Kf8 17. Bxe8 Qxe8 18. Be3 Na6 19. Nf3 c5 20. Rc4 Bd7 21. Bxc5+ Kf7 22. Be3 Bc6 23. Rd4 Nc7 24. c4 Rb8 25. Rd6 Bf8 26. Rd4 b6 27. axb6 Rxb6 28. Qa2 Ra6 29. Qb1 Bb4+ 30. Ke2 Bc5 31. Rg4 Bxe3 32. fxe3 Qd7 33. Rf1 Bxf3+ 34. Rxf3 e5 35. Rxg5 Ne6 36. Rxe5 Rd6 37. d4 Rxd4 38. Qh7+ Ng7 39. exd4 Qxd4 40. Re4 Qxb2+ 41. Kf1 Qb1+ 42. Kf2 Qc2+ 43. Kg1 Qb1+ 44. Kh2 1-0


[Site "https://www.chess.com"]

[Event "Titled Tuesday Blitz December 27 Late 2022"]
[White "Gerbelli Neto, Eduardo"]
[Black "Ibadov, Dashgyn"]
[WhiteFideId "2103281"]
[BlackFideId "24107514"]
[WhiteElo "2114"]
[BlackElo "2391"]
[Result "0-1"]
[Round "11"]
[TimeControl "180+2"]
[Date "2022.12.27"]
[WhiteClock "0:00:01"]
[BlackClock "0:00:03"]

1. e4 c5 2. Nc3 Nc6 3. f4 d6 4. Nf3 g6 5. Bc4 Bg7 6. O-O e6 7. d3 Nge7 8. Qe1 Na5 9. Bb5+ Bd7 10. a4 a6 11. Bxd7+ Qxd7 12. f5 gxf5 13. exf5 Nxf5 14. Nd5 O-O 15. Nb6 Qc7 16. Nxa8 Rxa8 17. Bd2 Nc6 18. c3 d5 19. Nh4 Nxh4 20. Qxh4 Ne7 21. Qh5 Ng6 22. Bh6 Qe5 23. Qxe5 Nxe5 24. Bxg7 Kxg7 25. d4 cxd4 26. cxd4 Nc4 27. Rf3 Nd6 28. Rc1 b5 29. Rc6 Nf5 30. Rc7 bxa4 31. g4 Nh6 32. h3 Rb8 33. Ra3 Rxb2 34. Rxa4 Rd2 35. Ra7 Kg6 36. R7xa6 Ng8 37. Ra7 Nf6 38. Kf1 Ne4 39. h4 Rf2+ 40. Ke1 Rf4 41. h5+ Kf6 42. Ra8 Rxg4 43. Rh8 Nd6 44. Raa8 Nf5 45. Rxh7 Rxd4 46. Ra7 Nd6 47. Rd7 Ke5 48. h6 Rh4 49. Rh8 f5 50. h7 Ne4 51. Rg8 Nf6 52. h8=Q Rxh8 53. Rxh8 Nxd7 54. Kd2 Nf6 55. Ke3 d4+ 56. Kd3 Nd5 57. Rd8 Nf4+ 58. Kd2 Ke4 59. Ra8 e5 60. Ra4 Nd5 61. Ra5 f4 62. Ke2 Nc3+ 63. Kd2 Kf5 64. Rc5 f3 0-1


[Site "https://www.chess.com"]

[Event "Titled Tuesday Blitz December 27 Late 2022"]
[White "Guevara Sanchez, Erick Marvin"]
[Black "Araujo, Everson De Moura"]
[WhiteFideId "6700136"]
[BlackFideId "22737197"]
[WhiteElo "2073"]
[BlackElo "1944"]
[Result "0-1"]
[Round "11"]
[TimeControl "180+2"]
[Date "2022.12.27"]
[WhiteClock "0:00:01"]
[BlackClock "0:00:37"]

1. e4 e6 2. d4 d5 3. Nc3 Nf6 4. Bg5 Bb4 5. e5 h6 6. Bxf6 gxf6 7. a3 Bxc3+ 8. bxc3 fxe5 9. dxe5 c5 10. Nf3 Nc6 11. c4 d4 12. Bd3 Qc7 13. Qe2 b6 14. Be4 Bb7 15. Rc1 Rg8 16. g3 O-O-O 17. a4 Rg4 18. h3 Rxe4 19. Qxe4 Nxe5 20. Qxe5 Qxe5+ 21. Nxe5 Bxh1 22. Nxf7 Rf8 23. Nxh6 Rh8 24. Kd2 Bf3 25. Nf7 Rf8 26. Ng5 Bc6 27. Ke2 e5 28. h4 Bxa4 29. h5 Rf5 30. Ra1 Bxc2 31. Kd2 Rxf2+ 32. Kc1 Rf5 33. Kxc2 Rxg5 34. h6 Rh5 35. Rxa7 Rxh6 36. Kd3 Rg6 37. Ke4 Rxg3 38. Kxe5 Re3+ 39. Kf4 Re1 40. Ra3 Rc1 41. Rb3 Kc7 42. Rb5 Rxc4 0-1


[Site "https://www.chess.com"]

[Event "Titled Tuesday Blitz December 27 Late 2022"]
[White "Gurevich, Dmitry"]
[Black "Estrada Nieto, Julian"]
[WhiteFideId "2000407"]
[BlackFideId "5101018"]
[WhiteElo "2393"]
[BlackElo "2215"]
[Result "1-0"]
[Round "11"]
[TimeControl "180+2"]
[Date "2022.12.27"]
[WhiteClock "0:00:22"]
[BlackClock "0:00:01"]

1. d4 d5 2. c4 dxc4 3. e4 e5 4. Nf3 exd4 5. Qxd4 Qxd4 6. Nxd4 Bc5 7. Be3 Nf6 8. Nc3 c6 9. Bxc4 Ng4 10. O-O Nxe3 11. fxe3 O-O 12. e5 b5 13. Bb3 a5 14. Ne4 Bb6 15. e6 a4 16. exf7+ Kh8 17. Be6 Bxd4 18. Bxc8 Bxe3+ 19. Kh1 Na6 20. Bb7 Ra7 21. Bxc6 Raxf7 22. Rxf7 Rxf7 23. Bxb5 Nb4 24. a3 Nc2 25. Rd1 g6 26. Bxa4 Nd4 27. g3 Rb7 28. b4 Ra7 29. Nc5 Nf3 30. Rd3 Bxc5 31. bxc5 Ne5 32. Re3 Nc4 33. Re8+ Kg7 34. Bb3 Nd2 35. Bd5 Rxa3 36. c6 Rc3 37. Re7+ Kf6 38. Rxh7 Ke5 39. Rd7 g5 40. Kg2 g4 41. c7 Rxc7 42. Rxc7 Kd4 43. Be6 Ne4 44. Rc4+ Ke5 45. Rxe4+ Kxe4 46. Bxg4 1-0


[Site "https://www.chess.com"]

[Event "Titled Tuesday Blitz December 27 Late 2022"]
[White "Hernandez Bonilla, Amelia"]
[Black "Floresvillar Gonzalez, Luis Migu"]
[WhiteFideId "3900193"]
[BlackFideId "5100542"]
[WhiteElo "1960"]
[BlackElo "2043"]
[Result "0-1"]
[Round "11"]
[TimeControl "180+2"]
[Date "2022.12.27"]
[WhiteClock "0:00:01"]
[BlackClock "0:00:04"]

1. d4 Nf6 2. Bf4 d6 3. Nc3 Nc6 4. e4 e5 5. dxe5 Nxe5 6. Nf3 Nxf3+ 7. Qxf3 Be7 8. Bd3 O-O 9. h3 Be6 10. O-O-O c6 11. e5 Nd5 12. exd6 Nxf4 13. dxe7 Nxd3+ 14. Rxd3 Qxe7 15. Re1 Rad8 16. Rde3 Rfe8 17. a3 Qg5 18. Kb1 h6 19. Ne4 Qd5 20. b3 Qa5 21. Ka2 Rd2 22. Nxd2 Qxd2 23. Qe2 Qa5 24. Kb2 b5 25. f4 b4 26. axb4 Qxb4 27. Re4 Qc5 28. Re5 Qd4+ 29. c3 Qxf4 30. Qe3 Qf6 31. Qxa7 Rd8 32. Qe3 Qg6 33. Re2 Rd3 34. Qe4 Qg3 35. Qb4 Rd8 36. R5e3 Qg5 37. Qb6 Rd5 38. Qxc6 Rb5 39. Qe4 Rxb3+ 40. Kc1 Qb5 41. Qc2 Ra3 42. Kd2 Ra2 43. Rxe6 Rxc2+ 44. Kxc2 fxe6 45. Rd2 Qa4+ 46. Kd3 Qb5+ 47. Kc2 Qf5+ 48. Kc1 e5 49. c4 e4 50. Rc2 e3 51. c5 Qf1+ 0-1


[Site "https://www.chess.com"]

[Event "Titled Tuesday Blitz December 27 Late 2022"]
[White "Janaszak, Dawid"]
[Black "Gubajdullin, Alexei"]
[WhiteFideId "1119206"]
[BlackFideId "4141202"]
[WhiteElo "2316"]
[BlackElo "2285"]
[Result "0-1"]
[Round "11"]
[TimeControl "180+2"]
[Date "2022.12.27"]
[WhiteClock "0:00:10"]
[BlackClock "0:00:27"]

1. e4 g6 2. Nc3 Bg7 3. Bc4 c6 4. d4 d5 5. exd5 b5 6. Bb3 b4 7. Na4 cxd5 8. Nf3 Nf6 9. O-O O-O 10. a3 bxa3 11. Rxa3 Ne4 12. Re1 Nc6 13. c3 Na5 14. Bc2 Nc4 15. Ra2 Bb7 16. Ng5 e5 17. Nxe4 dxe4 18. Nc5 Bc6 19. Qe2 exd4 20. Bxe4 Bxe4 21. Nxe4 d3 22. Qd1 Re8 23. Bg5 Qd5 24. f3 d2 25. Rf1 Rxe4 26. fxe4 Qxg5 27. Qb3 Ne3 28. Qxf7+ Kh8 29. Rxa7 Qxg2# 0-1


[Site "https://www.chess.com"]

[Event "Titled Tuesday Blitz December 27 Late 2022"]
[White "Jaracz, Pawel"]
[Black "Bryakin, Mikhail"]
[WhiteFideId "1102222"]
[BlackFideId "4165314"]
[WhiteElo "2467"]
[BlackElo "2455"]
[Result "0-1"]
[Round "11"]
[TimeControl "180+2"]
[Date "2022.12.27"]
[WhiteClock "0:00:02"]
[BlackClock "0:00:51"]

1. e4 d5 2. exd5 Qxd5 3. Nc3 Qe5+ 4. Qe2 Qxe2+ 5. Bxe2 Bf5 6. d3 c6 7. g4 Bg6 8. f4 e6 9. Nf3 Nd7 10. Be3 Bd6 11. O-O-O Ne7 12. Ne4 Bc7 13. c4 h5 14. h3 O-O-O 15. Ng3 hxg4 16. hxg4 Bb6 17. d4 f6 18. b4 a5 19. a3 axb4 20. axb4 Bc7 21. Kb2 b5 22. cxb5 cxb5 23. Bxb5 Nd5 24. Bd2 Nxf4 25. Rc1 Nd5 26. Ne2 Rxh1 27. Rxh1 Be4 28. Rh3 Bd6 29. Nc3 Nxc3 30. Bxc3 Nb6 31. Nd2 Bd5 32. Rh7 Rg8 33. Nb3 Bf4 34. Nc5 Nc4+ 35. Bxc4 Bxc4 36. Rh3 Kc7 37. b5 Kb6 38. Bb4 Kxb5 39. Kc3 Bd5 0-1


[Site "https://www.chess.com"]

[Event "Titled Tuesday Blitz December 27 Late 2022"]
[White "Joubert, Dantelle"]
[Black "Antonova, Nadezhda"]
[WhiteFideId "14310813"]
[BlackFideId "14700182"]
[WhiteElo "1566"]
[BlackElo "1945"]
[Result "1-0"]
[Round "11"]
[TimeControl "180+2"]
[Date "2022.12.27"]
[WhiteClock "0:00:18"]
[BlackClock "0:00:06"]

1. d4 Nf6 2. c4 g6 3. Nc3 Bg7 4. e4 d6 5. Nf3 O-O 6. Be2 e5 7. dxe5 dxe5 8. Qxd8 Rxd8 9. Bg5 Re8 10. Nd5 Nxd5 11. cxd5 c6 12. Bc4 cxd5 13. Bxd5 Nd7 14. O-O h6 15. Bh4 Nf6 16. Bxf6 Bxf6 17. Rfc1 Rb8 18. Rc7 Be6 19. Bxe6 Rxe6 20. Rd1 Bd8 21. Rcd7 Bb6 22. R1d6 Rc8 23. Kf1 Rxd6 24. Rxd6 Rc1+ 25. Ke2 Rc2+ 26. Rd2 Rc4 27. Kd3 Ra4 28. a3 Kg7 29. Re2 Kf6 30. Ne1 Rd4+ 31. Kc3 Rd1 32. Nc2 Rg1 33. f3 Rh1 34. h3 h5 35. Nb4 Bd4+ 36. Kc2 Kg5 37. Nd3 Kh4 38. f4 exf4 39. Nxf4 Kg3 40. Nd3 Rh2 41. Ne1 Bf2 42. Nd3 Bd4 43. Ne1 Kf4 44. Nf3 Rh1 45. Nxd4 Ke5 46. Nf3+ Kf4 47. e5 Rf1 48. b4 Kg3 49. Nd4 g5 50. Kd2 g4 51. hxg4 hxg4 52. e6 fxe6 53. Nxe6 Rg1 54. Ng5 Rxg2 55. Ne4+ Kf3 56. Rxg2 Kxg2 57. Kd3 Kf3 58. Kd4 g3 59. Nxg3 Kxg3 60. Kd5 Kf4 61. Kd6 Ke4 62. Kc7 b5 63. Kc6 Kd4 64. Kxb5 Kd5 65. a4 Kd6 66. Ka6 Kc6 67. Kxa7 Kc7 68. Ka6 Kb8 69. Kb5 Kb7 70. Kc5 Ka6 71. Kd6 Ka7 72. Kc7 Ka8 73. b5 Ka7 74. b6+ Ka8 75. b7+ Ka7 76. b8=Q+ Ka6 77. Kc6 Ka5 78. Qb5# 1-0


[Site "https://www.chess.com"]

[Event "Titled Tuesday Blitz December 27 Late 2022"]
[White "Kavutskiy, Konstantin"]
[Black "Vakhlamov, Igor L."]
[WhiteFideId "2026384"]
[BlackFideId "24126748"]
[WhiteElo "2414"]
[BlackElo "2413"]
[Result "0-1"]
[Round "11"]
[TimeControl "180+2"]
[Date "2022.12.27"]
[WhiteClock "0:00:01"]
[BlackClock "0:00:25"]

1. d4 d5 2. c4 e6 3. Nf3 Nf6 4. Nc3 c5 5. cxd5 cxd4 6. Qxd4 exd5 7. Bg5 Be7 8. e3 O-O 9. Be2 Nc6 10. Qd3 h6 11. Bh4 Be6 12. O-O Qb6 13. Bxf6 Bxf6 14. Nxd5 Bxd5 15. Qxd5 Qxb2 16. Bc4 Rad8 17. Qe4 Rfe8 18. Qg4 Ne5 19. Nxe5 Qxe5 20. Rab1 b6 21. Bb3 h5 22. Qf3 g6 23. Rbd1 Kg7 24. Qb7 Re7 25. Qf3 Red7 26. Rxd7 Rxd7 27. g3 h4 28. Kg2 b5 29. Rc1 a5 30. Rd1 Rxd1 31. Qxd1 Qe4+ 32. Kh3 Qf5+ 33. Kg2 Qe4+ 34. Kh3 a4 35. Qd5 Qe8 36. Bd1 Qc8+ 37. Bg4 Qc2 38. Kg2 b4 39. Bd1 h3+ 40. Kf3 Qb1 41. Kg4 b3 42. Bxb3 axb3 43. axb3 Qf1 44. f4 Qg2 45. e4 Qxh2 46. e5 Be7 47. f5 gxf5+ 48. Kxf5 Qf2+ 49. Kg4 h2 50. e6 Qe2+ 51. Kf5 Qxe6+ 0-1


[Site "https://www.chess.com"]

[Event "Titled Tuesday Blitz December 27 Late 2022"]
[White "Kho, Darrell"]
[Black "Lutz, Igor Oscar"]
[WhiteFideId "1019317"]
[BlackFideId "2110806"]
[WhiteElo "2075"]
[BlackElo "1969"]
[Result "1-0"]
[Round "11"]
[TimeControl "180+2"]
[Date "2022.12.27"]
[WhiteClock "0:00:34"]
[BlackClock "0:00:52"]

1. e4 c5 2. Nf3 e6 3. c3 d5 4. exd5 exd5 5. d4 Nf6 6. Bb5+ Bd7 7. Bxd7+ Nbxd7 8. O-O Be7 9. dxc5 O-O 10. b4 a5 11. Na3 Qc7 12. Nb5 Qc6 13. Nfd4 Qc8 14. Bf4 Ne4 15. Nc7 Nxc3 16. Qf3 axb4 17. Nxa8 Qxa8 18. a3 Bxc5 19. axb4 Qc8 20. bxc5 Qxc5 21. Nf5 Nf6 22. Bd6 1-0


[Site "https://www.chess.com"]

[Event "Titled Tuesday Blitz December 27 Late 2022"]
[White "Kobo, Ori"]
[Black "Garcia, Gabriel Gonzaga"]
[WhiteFideId "2812320"]
[BlackFideId "2138956"]
[WhiteElo "2559"]
[BlackElo "2091"]
[Result "1-0"]
[Round "11"]
[TimeControl "180+2"]
[Date "2022.12.27"]
[WhiteClock "0:00:07"]
[BlackClock "0:00:09"]

1. Nf3 Nf6 2. c4 b6 3. g3 Bb7 4. Bg2 g6 5. d4 Bg7 6. O-O O-O 7. d5 e6 8. Nc3 exd5 9. cxd5 Re8 10. Nd4 Na6 11. Bf4 Nc5 12. Rc1 a5 13. Ndb5 d6 14. Qc2 Ba6 15. Rfd1 Qd7 16. Nd4 Nh5 17. Bg5 Qg4 18. Be3 Qd7 19. Qd2 Nf6 20. Nc6 Nfe4 21. Nxe4 Nxe4 22. Qc2 Nc5 23. Re1 Bb5 24. Nd4 Ba6 25. Qd2 Qa4 26. b3 Qb4 27. Rcd1 Ne4 28. Qc2 Nc3 29. a3 Qc5 30. Ne6 Qxa3 31. Nxg7 Nxd1 32. Nxe8 Rxe8 33. Rxd1 Qb4 34. Bf3 Bc8 35. Qc4 Qxc4 36. bxc4 Bf5 37. Bd4 g5 38. e3 Bg6 39. Be2 Rb8 40. Ra1 Bc2 41. Kf1 a4 42. Ke1 Bb3 43. Kd2 b5 44. cxb5 Ra8 45. e4 a3 46. Bd1 Bc4 47. Be2 Bb3 48. Kc3 1-0


[Site "https://www.chess.com"]

[Event "Titled Tuesday Blitz December 27 Late 2022"]
[White "Korchmar, Vasiliy"]
[Black "Sargsyan, Anna M."]
[WhiteFideId "24131750"]
[BlackFideId "13308130"]
[WhiteElo "2438"]
[BlackElo "2375"]
[Result "1/2-1/2"]
[Round "11"]
[TimeControl "180+2"]
[Date "2022.12.27"]
[WhiteClock "0:00:02"]
[BlackClock "0:00:03"]

1. e4 e5 2. Nf3 Nc6 3. Bc4 Bc5 4. c3 Nf6 5. d3 d6 6. Bg5 h6 7. Bh4 g5 8. Bg3 a5 9. O-O Qe7 10. d4 Ba7 11. Na3 O-O 12. Nb5 Bb6 13. h3 Nxe4 14. Bh2 Kg7 15. Re1 f5 16. Bd3 Qf6 17. Bxe4 fxe4 18. dxe5 dxe5 19. Rxe4 Bxh3 20. Qe2 Bf5 21. Rxe5 Bg4 22. Rd1 Bxf3 23. gxf3 Qxf3 24. Rd7+ Kg6 25. Re6+ Kh5 26. Qxf3+ Rxf3 27. Bxc7 Bxf2+ 28. Kg2 Raf8 29. Rdd6 Bh4 30. Rxh6+ Kg4 31. Rd2 Rf2+ 32. Rxf2 Rxf2+ 33. Kg1 Rxb2 34. a4 Ne7 35. Nd4 Nd5 36. Be5 Ne3 37. Rf6 Rb1+ 38. Kh2 Rb2+ 39. Kg1 Rb1+ 40. Kh2 Rb2+ 41. Kg1 1/2-1/2


[Site "https://www.chess.com"]

[Event "Titled Tuesday Blitz December 27 Late 2022"]
[White "Kravtsiv, Martyn"]
[Black "Tanenbaum, Zachary"]
[WhiteFideId "14113147"]
[BlackFideId "2060850"]
[WhiteElo "2598"]
[BlackElo "2261"]
[Result "1-0"]
[Round "11"]
[TimeControl "180+2"]
[Date "2022.12.27"]
[WhiteClock "0:00:54"]
[BlackClock "0:00:01"]

1. b4 e5 2. Bb2 Bxb4 3. Bxe5 Nf6 4. Nf3 O-O 5. e3 Nc6 6. Bb2 Re8 7. Be2 d5 8. O-O Bf5 9. d3 Bd6 10. Nbd2 h6 11. Re1 Qe7 12. Bf1 Rad8 13. Rb1 b6 14. g3 Ne5 15. Bg2 c5 16. Rc1 Qe6 17. Nd4 Qd7 18. Nxf5 Qxf5 19. h3 Ng6 20. f4 h5 21. Qf3 Bb8 22. Rcd1 c4 23. e4 dxe4 24. dxe4 Qc5+ 25. Kh1 h4 26. e5 Nd5 27. Ne4 Qb5 28. Bc1 hxg3 29. Nd6 Bxd6 30. Rxd5 Bc5 31. Qxg3 Rxd5 32. Bxd5 Bf2 33. Bxf7+ Kxf7 34. Qxf2 Qd5+ 35. Kh2 Rh8 36. e6+ Ke8 37. Bb2 Nh4 38. Re3 Rh6 39. e7 Rg6 40. Rg3 Rxg3 41. Kxg3 g5 42. fxg5 Qxg5+ 43. Kh2 Kxe7 44. Bc1 Qe5+ 45. Bf4 Qf6 46. Qe2+ Kf7 47. Qxc4+ Kf8 48. Qc8+ Kg7 49. Qb7+ Kg6 50. Qe4+ Qf5 51. Qxf5+ Kxf5 52. Bb8 a6 53. Kg3 Ng6 54. h4 Ne7 55. Kf3 Nd5 56. Bd6 Nc3 57. a3 Nb5 58. Be7 Nd4+ 59. Ke3 Nxc2+ 60. Kd3 Ne1+ 61. Kc4 Nf3 62. Kd5 b5 63. Kc5 Ke6 64. Bg5 Kd7 65. Kb6 Kd6 66. Bf4+ Kd5 67. h5 a5 68. h6 1-0


[Site "https://www.chess.com"]

[Event "Titled Tuesday Blitz December 27 Late 2022"]
[White "Liu, Casper"]
[Black "Domingo Nunez, Ruben"]
[WhiteFideId "1454153"]
[BlackFideId "22245570"]
[WhiteElo "2278"]
[BlackElo "2416"]
[Result "0-1"]
[Round "11"]
[TimeControl "180+2"]
[Date "2022.12.27"]
[WhiteClock "0:02:20"]
[BlackClock "0:02:46"]

1. d3 d5 2. g3 e5 3. Bg2 Be6 4. Nf3 f6 5. O-O Ne7 6. b3 c5 7. Bb2 Nbc6 8. Nbd2 Ng6 9. a4 h5 10. e4 d4 11. c3 h4 12. cxd4 cxd4 13. Rc1 Qd7 14. Ne1 Bh3 15. Qf3 Bg4 16. Bh3 Bxh3 0-1


[Site "https://www.chess.com"]

[Event "Titled Tuesday Blitz December 27 Late 2022"]
[White "Liu, Kelsey"]
[Black "Clawitter, Craig"]
[WhiteFideId "30944481"]
[BlackFideId "2023105"]
[WhiteElo "2065"]
[BlackElo "2050"]
[Result "0-1"]
[Round "11"]
[TimeControl "180+2"]
[Date "2022.12.27"]
[WhiteClock "0:00:20"]
[BlackClock "0:01:16"]

1. e4 e6 2. d4 d5 3. Nc3 Bb4 4. Ne2 dxe4 5. a3 Be7 6. Nxe4 Nf6 7. Nxf6+ Bxf6 8. Be3 Nc6 9. Qd3 e5 10. d5 Ne7 11. O-O-O O-O 12. Ng3 g6 13. h4 Nf5 14. Ne4 Bg7 15. h5 Nd6 16. hxg6 fxg6 17. Bg5 Qe8 18. Nxd6 cxd6 19. Qe3 Bf5 20. Bh6 Rc8 21. Bxg7 Rxc2+ 22. Kb1 Re2+ 23. Ka1 Rxe3 24. Bxf8 Rxa3+ 25. bxa3 Qa4 26. Bd3 Qxa3+ 27. Kb1 Bxd3+ 28. Rxd3 Qxd3+ 0-1


[Site "https://www.chess.com"]